 Dungeon Crawl Stone Soup version 0.24-a0-809-g71cb82dfb8 (webtiles) character file.

Game seed: 8885617522497673972, levelgen mode: deterministic

1337 Peloso the Covered (level 8, 0/68 HPs)
             Began as a Minotaur Fighter on Oct 11, 2019.
             Slain by an ogre
             ... wielding a +0 giant club
              (20 damage)
             ... on level 5 of the Dungeon.
             The game lasted 00:08:18 (4178 turns).

Peloso the Covered (Minotaur Fighter)               Turns: 4178, Time: 00:08:19

Health: 0/68       AC:  8    Str: 21    XL:     8   Next: 35%
Magic:  7/7        EV:  7    Int:  5    God:
Gold:   209        SH: 11    Dex: 12    Spells: 7/7 levels left

rFire    . . .     SeeInvis .   a - +0 long sword
rCold    . . .     Gourm    .   c - +1 shield
rNeg     . . .     Faith    .   b - +0 chain mail
rPois    .         Spirit   .   (helmet restricted)
rElec    .         Reflect  .   (no cloak)
rCorr    .         Harm     .   (no gloves)
MR       +....                  (no boots)
Stlth    ..........             j - amulet of the acrobat
HPRegen  0.21/turn              i - +3 ring of slaying
MPRegen  0.10/turn              (no ring)

@: no status effects
A: retaliatory headbutt, horns 2, yellow scales 1, deformed body, magic
resistance 1, mutation resistance 1
a: no special abilities


You were on level 5 of the Dungeon.
You were not hungry.

You visited 2 branches of the dungeon, and saw 6 of its levels.

You collected 209 gold pieces.

Inventory:

Hand Weapons
 a - a +0 long sword (weapon)
Armour
 b - a +0 chain mail (worn)
 c - a +1 shield (worn)
Jewellery
 i - a +3 ring of slaying (left hand)
 j - an amulet of the acrobat (around neck)
 r - an uncursed ring of see invisible {unknown}
Wands
 m - a wand of polymorph (7)
Scrolls
 e - a scroll of amnesia
 h - a scroll of fog {unknown}
 k - 4 scrolls of identify
 l - 2 scrolls of noise
 n - a scroll of enchant weapon
 q - a scroll of remove curse {unknown}
Potions
 d - a potion of might
 g - a potion of degeneration
 o - a potion of curing
 p - 2 potions of heal wounds
 t - 2 potions of cancellation {unknown}
Comestibles
 f - 9 rations
 s - a chunk of flesh


   Skills:
 + Level 5.0 Fighting
 + Level 7.5 Long Blades
 + Level 7.6 Armour
 + Level 1.4 Dodging
 + Level 1.0 Stealth
 + Level 6.9 Shields


You had 7 spell levels left.
You didn't know any spells.
Your spell library contained the following spells:

 Spells                   Type           Power        Failure   Level  Hunger
 Magic Dart               Conj           #...         100%        1    ##.....
 Searing Ray              Conj           #.....       100%        2    ###....
 Dazzling Spray           Conj/Hex       #.....       100%        3    ####...
 Force Lance              Conj/Tloc      #.......     100%        4    #####..
 Fulminant Prism          Conj/Hex       #.........   100%        4    #####..
 Iskenderun's Mystic Bla  Conj           #.......     100%        4    #####..


Dungeon Overview and Level Annotations

Branches:
Dungeon (5/15)             Temple (1/1) D:4

Altars:
Cheibriados
Dithmenos
Elyvilon
Fedhas
Gozag
Hepliaklqana
Kikubaaqudgha
Makhleb
Nemelex Xobeh
Qazlal
Ru
Sif Muna
Trog
Uskayaw
Vehumet
Xom
Yredelemnul
Zin
The Shining One

Annotations:
D:4 3 runed translucent doors, ViolentOr's ghost, amateur MfAK


Innate Abilities, Weirdness & Mutations

You reflexively headbutt those who attack you in melee.
You have a pair of horns on your head.
You are partially covered in yellow scales. (AC +2)
Armour fits poorly on your strangely shaped body.
You are resistant to hostile enchantments. (MR+)
You are somewhat resistant to further mutation.


Message History

The quokka bites you but does no damage.
You barely miss the quokka.
The quokka is almost dead.
The quokka bites you but does no damage.
The quokka bites you.
* * * LOW HITPOINT WARNING * * *
You slash the quokka!
You kill the quokka!
You see here a quokka corpse.
An ogre comes into view. It is wielding a +0 giant club.
An ogre is nearby!
An ogre is nearby!
You see here a quokka corpse.
You hit the ogre.
The ogre is lightly wounded.
You block the ogre's attack.
You hit the ogre.
The ogre is moderately wounded.
The ogre hits you with a +0 giant club!!
You die...

..# #.# ..#
#.# ..# #.#
..# #.# .##
#.# #...# #.#
###.# ##.#
##.########..#
........O@..##
##.....###..#
#####. #..# #O
#..# #. #..#
#. #. #..# #.
#. #.$# ##.##
### #.###..#
#...# .. ...


You could see an ogre.

Vanquished Creatures
  Grinder (D:5)
  Sigmund (D:4)
  Eustachio (D:4)
  2 ogres (D:5)
  A centaur (D:5)
  2 howler monkeys (D:4)
  A crimson imp (D:4)
  3 hounds
  2 orc priests
  3 orc wizards (D:3)
  Ijyb (D:4)
  A worker ant (D:5)
  3 gnolls (D:4)
  5 adders
  2 oozes
  An adder zombie (D:5)
  4 worms
  A dart slug (D:3)
  A leopard gecko (D:3)
  11 orcs
  7 giant cockroaches
  11 goblins
  6 hobgoblins
  6 jackals
  3 quokkas
  7 bats
  6 frilled lizards
  A giant cockroach zombie (D:5)
  6 kobolds
  7 rats
107 creatures vanquished.

Notes
Turn   | Place    | Note
-------+----------+-------------------------------------------
     0 | D:1      | Peloso the Minotaur Fighter began the quest for the Orb.
     0 | D:1      | Reached XP level 1. HP: 19/19 MP: 0/0
    95 | D:1      | Reached XP level 2. HP: 22/27 MP: 1/1
  1034 | D:2      | Found a basalt altar of Yredelemnul.
  1188 | D:2      | Reached XP level 3. HP: 33/33 MP: 2/2
  1195 | D:2      | Gained mutation: Armour fits poorly on your strangely
                  | shaped body. [potion of mutation]
  1195 | D:2      | Gained mutation: You are resistant to hostile enchantments.
                  | (MR+) [potion of mutation]
  1195 | D:2      | Gained mutation: You are partially covered in yellow
                  | scales. (AC +2) [potion of mutation]
  1195 | D:2      | Gained mutation: You are somewhat resistant to further
                  | mutation. [potion of mutation]
  1641 | D:3      | Reached XP level 4. HP: 40/40 MP: 3/3
  1922 | D:3      | Reached skill level 5 in Armour
  1922 | D:3      | Reached XP level 5. HP: 24/46 MP: 4/4
  1930 | D:2      | HP: 2/46 [orc priest/+0 mace (5)]
  1935 | D:2      | HP: 1/46 [orc/cursed -1 dagger (2)]
  2357 | D:3      | Found a sacrificial altar of Ru.
  2378 | D:3      | Found a stormy altar of Qazlal.
  2665 | D:4      | Noticed Ijyb
  2688 | D:4      | Killed Ijyb
  2688 | D:4      | Reached skill level 5 in Long Blades
  2747 | D:4      | Reached XP level 6. HP: 52/52 MP: 5/5
  2777 | D:4      | Found a hide-covered altar of Uskayaw.
  2779 | D:4      | Noticed a +0 dagger
  2779 | D:4      | Noticed a +0 dagger
  2801 | D:4      | Found a runed translucent gate.
  2801 | D:4      | Found a runed translucent gate.
  2801 | D:4      | Found an opulent altar of Gozag.
  2801 | D:4      | Found a runed translucent gate.
  2831 | D:4      | Noticed Sigmund
  2883 | D:4      | Killed Sigmund
  2883 | D:4      | Reached skill level 5 in Shields
  2883 | D:4      | Reached XP level 7. HP: 33/60 MP: 6/6
  3080 | D:4      | Noticed ViolentOr's ghost (amateur MfAK)
  3101 | D:4      | Found a bloodstained altar of Trog.
  3116 | D:4      | Found a staircase to the Ecumenical Temple.
  3162 | D:4      | Found a burning altar of Makhleb.
  3320 | D:4      | Found a glowing golden altar of the Shining One.
  3404 | D:4      | Noticed Eustachio
  3415 | D:4      | Killed Eustachio
  3494 | Temple   | Entered the Ecumenical Temple
  3878 | D:5      | Entered Level 5 of the Dungeon
  3950 | D:5      | Reached skill level 1 in Dodging
  3950 | D:5      | Reached XP level 8. HP: 53/67 MP: 7/7
  3998 | D:5      | Noticed Grinder
  4011 | D:5      | Killed Grinder
  4011 | D:5      | Reached skill level 1 in Stealth
  4017 | D:5      | HP: 1/67 [orc priest/divine providence (13)]
  4112 | D:5      | Reached skill level 5 in Fighting
  4178 | D:5      | Slain by an ogre

Levels and vault maps discovered:
D:1:      dpeg_arrival_renting, layout_loops_corners, kennysheep_pointless_box
D:2:      minmay_angry_zag, layout_loops_ring, yredelemnul_altar_generic
D:3:      layout_rooms, overflow_temple_1_default,
          nicolae_overflow_crystal_walls
D:4:      kennysheep_the_goblin_king, layout_loops_cross, bloody_makhleb,
          kennysheep_mini, dancing_weapons_uskayaw,
          minmay_temple_entry_overgrown, ebering_ghost_gozag,
          nicolae_tso_swordbearing_angel, uniq_eustachio, uniq_sigmund
D:5:      layout_loops_ring, first_ration, grunt_ministairs_11, uniq_grinder
Temple:   nicolae_temple_figure_eight

Skill      XL: |  1  2  3  4  5  6  7  8 |
---------------+-------------------------+-----
Armour         | 4 5 6 7 |  7.6
Fighting       | 4 5 |  5.0
Shields        | 4 5 6 |  6.9
Long Blades    | 3 4 5 6 7 |  7.5
Dodging        | 1 |  1.4
Stealth        | 1 |  1.0

Action                   |  1- 3 |  4- 6 |  7- 9 || total
-------------------------+-------+-------+-------++-------
Melee: Long sword        |    72 |   119 |   101 ||   292
       Headbutt          |     7 |    19 |    11 ||    37
  Use: Scroll            |     7 |       |       ||     7
       Potion            |     4 |     2 |     1 ||     7
  Eat: Chunk             |     2 |     4 |     5 ||    11
Armor: Chain mail        |    38 |    49 |    38 ||   125
Dodge: Dodged            |    30 |    37 |    33 ||   100
Block: Shield            |    46 |    93 |    57 ||   196
       Rpst.: Long sword |     6 |    12 |     3 ||    21

Table legend:
 A = Non-vault XP
 B = Vault XP
 C = Vault XP percentage of total XP
 D = Non-vault monster count
 E = Vault monster count
 F = Vault count percentage of total count
                 A         B        C        D         E       F
            +---------+---------+-------+---------+---------+-------
      Total |    1142 |     768 |  40.2 |      93 |      14 |  13.1
            +---------+---------+-------+---------+---------+-------
        D:1 |      32 |       0 |   0.0 |      18 |       0 |   0.0
        D:2 |      63 |       8 |  11.3 |      13 |       4 |  23.5
        D:3 |     204 |       0 |   0.0 |      28 |       0 |   0.0
        D:4 |     348 |     483 |  58.1 |      20 |       9 |  31.0
        D:5 |     495 |     277 |  35.9 |      14 |       1 |   6.7
            +---------+---------+-------+---------+---------+-------
